MLB
BOSTON RED SOX @ NEW YORK YANKEES
10/09/2098
 
TOP OF THE 1ST
Boston Red Sox batting - Pitching for New York Yankees : RHP Matt Zmuda
Pitching: RHP Matt Zmuda
Batting: RHB Zane Wilder 0-0: Ball
1-0: Fly out, F8 (Line Drive, 8RD, EV 93.1 MPH)
Batting: LHB Michael Lindstrom 0-0: Called Strike
0-1: Ball
1-1: Foul Ball, location: 2F
1-2: Foul Ball, location: 3F
1-2: Reached on error, E4 (Groundball, 4, EV 93.8 MPH)
Batting: SHB Alex Salazar 0-0: Ball
1-0: Ball
2-0: Ball
3-0: Called Strike
3-1: Base on Balls
Michael Lindstrom to second
Batting: RHB Joe Fowler 0-0: Ball
1-0: 3-RUN HOME RUN (Flyball, 89XD, EV 98.1 MPH), Distance : 394 ft
Batting: LHB Sergio Mejia 0-0: Hit by Pitch
Batting: LHB Chris Kautz 0-0: Called Strike
0-1: Ball
1-1: Swinging Strike
1-2: Ball
2-2: Strikes out looking
Batting: RHB Nate Campbell 0-0: Foul Ball, location: 2F
0-1: Called Strike
0-2: Strikes out swinging
Top of the 1st over - 3 runs, 1 hit, 1 error, 1 left on base; Boston 3 - New York 0
BOTTOM OF THE 1ST
New York Yankees batting - Pitching for Boston Red Sox : RHP Francisco Quintanilla
Pitching: RHP Francisco Quintanilla
Batting: LHB John Blair 0-0: Ball
1-0: Ball
2-0: Ball
3-0: Base on Balls
Batting: SHB Seth Hardenbrook 0-0: Called Strike
0-1: Called Strike
0-2: Fielders Choice at 2nd, 3-6 (Groundball, 23, EV 85.0 MPH)
Batting: RHB Brandon Thomas 0-0: Ball
1-0: Foul Ball, location: 9LSFF
1-1: Ball
2-1: Grounds into double play, 4-6-3 (Groundball, 4, EV 101.3 MPH)
Bottom of the 1st over - 0 runs, 0 hits, 0 errors, 0 left on base; Boston 3 - New York 0
TOP OF THE 2ND
Boston Red Sox batting - Pitching for New York Yankees : RHP Matt Zmuda
Batting: LHB Justin Scappaticci 0-0: Ball
1-0: Fly out, F8 (Flyball, 8RM, EV 91.3 MPH)
Batting: RHB Pieter Janssen 0-0: Ground out 6-3 (Groundball, 6, EV 92.5 MPH)
Batting: RHB Zane Wilder 0-0: Fly out, F7 (Flyball, 7S, EV 92.5 MPH)
Top of the 2nd over - 0 runs, 0 hits, 0 errors, 0 left on base; Boston 3 - New York 0
BOTTOM OF THE 2ND
New York Yankees batting - Pitching for Boston Red Sox : RHP Francisco Quintanilla
Batting: LHB Ryan McCullough 0-0: Called Strike
0-1: Ball
1-1: Ball
2-1: Ball
3-1: Fly out, F7 (Line Drive, 78D, EV 84.4 MPH)
Batting: RHB Cedric Tracy 0-0: Ball
1-0: Called Strike
1-1: Ball
2-1: Foul Ball, location: 5F
2-2: Ground out 6-3 (Groundball, 6, EV 88.1 MPH)
Batting: LHB Bobby Brown 0-0: Fly out, F8 (Flyball, 8LM, EV 91.3 MPH)
Bottom of the 2nd over - 0 runs, 0 hits, 0 errors, 0 left on base; Boston 3 - New York 0
TOP OF THE 3RD
Boston Red Sox batting - Pitching for New York Yankees : RHP Matt Zmuda
Batting: LHB Michael Lindstrom 0-0: Foul Ball, location: 2F
0-1: Fly out, F8 (Flyball, 8RS, EV 79.4 MPH)
Batting: SHB Alex Salazar 0-0: Ground out 4-3 (Groundball, 4, EV 87.5 MPH)
Batting: RHB Joe Fowler 0-0: Foul Ball, location: 2F
0-1: Called Strike
0-2: Ball
1-2: Fly out, F7 (Flyball, 7S, EV 78.1 MPH)
Top of the 3rd over - 0 runs, 0 hits, 0 errors, 0 left on base; Boston 3 - New York 0
BOTTOM OF THE 3RD
New York Yankees batting - Pitching for Boston Red Sox : RHP Francisco Quintanilla
Batting: RHB Carlos Jeronimo 0-0: Swinging Strike
0-1: Ball
1-1: Called Strike
1-2: Ground out 5-3 (Groundball, 5S, EV 92.5 MPH)
Batting: SHB Chris Clark 0-0: Called Strike
0-1: Ground out 6-3 (Groundball, 6, EV 77.5 MPH)
Batting: RHB Robby Junker 0-0: Called Strike
0-1: Ball
1-1: Fly out, F9 (Flyball, 9D, EV 110.0 MPH)
Bottom of the 3rd over - 0 runs, 0 hits, 0 errors, 0 left on base; Boston 3 - New York 0
TOP OF THE 4TH
Boston Red Sox batting - Pitching for New York Yankees : RHP Matt Zmuda
Batting: LHB Sergio Mejia 0-0: Ball
1-0: DOUBLE (Flyball, 7LD, EV 95.0 MPH)
Batting: LHB Chris Kautz 0-0: Ball
1-0: Ball
2-0: Ball
3-0: Called Strike
3-1: Ground out 4-3 (Groundball, 4, EV 87.5 MPH)
Sergio Mejia to third
Batting: RHB Nate Campbell 0-0: Foul Ball, location: 2F
0-1: Foul Ball, location: 2F
0-2: Foul Ball, location: 23F
0-2: Ball
1-2: Ball
2-2: SINGLE (Groundball, 6MD, EV 97.5 MPH)
Sergio Mejia scores
Batting: LHB Justin Scappaticci 0-0: Ball
1-0: Ball
2-0: Ball
3-0: Foul Ball, location: 2F
3-1: Foul Ball, location: 2RF
3-2: Strikes out swinging
Batting: RHB Pieter Janssen 0-0: Ball
1-0: Ball
2-0: Foul Ball, location: 7LDF
2-1: Swinging Strike
2-2: Strikes out swinging
Top of the 4th over - 1 run, 2 hits, 0 errors, 1 left on base; Boston 4 - New York 0
BOTTOM OF THE 4TH
New York Yankees batting - Pitching for Boston Red Sox : RHP Francisco Quintanilla
Batting: LHB John Blair 0-0: Called Strike
0-1: Foul Ball, location: 9LMF
0-2: Ball
1-2: Ball
2-2: Ball
3-2: Fly out, F4 (Line Drive, 4, EV 66.9 MPH)
Batting: SHB Seth Hardenbrook 0-0: Called Strike
0-1: Foul Ball, location: 7LMF
0-2: Ball
1-2: Foul Ball, location: 25F
1-2: Ball
2-2: Ground out 4-3 (Groundball, 4, EV 88.1 MPH)
Batting: RHB Brandon Thomas 0-0: Called Strike
0-1: Ball
1-1: Foul Ball, location: 9LMF
1-2: Fly out, F9 (Flyball, 89M, EV 87.5 MPH)
Bottom of the 4th over - 0 runs, 0 hits, 0 errors, 0 left on base; Boston 4 - New York 0
TOP OF THE 5TH
Boston Red Sox batting - Pitching for New York Yankees : RHP Matt Zmuda
Batting: RHB Zane Wilder 0-0: Foul Ball, location: 25F
0-1: Ball
1-1: Ball
2-1: Ball
3-1: Fly out, F9 (Flyball, 9, EV 101.3 MPH)
Batting: LHB Michael Lindstrom 0-0: Called Strike
0-1: Called Strike
0-2: Foul Ball, location: 2F
0-2: Strikes out swinging
Batting: SHB Alex Salazar 0-0: Ball
1-0: Fly out, F7 (Flyball, 7LD, EV 102.5 MPH)
Top of the 5th over - 0 runs, 0 hits, 0 errors, 0 left on base; Boston 4 - New York 0
BOTTOM OF THE 5TH
New York Yankees batting - Pitching for Boston Red Sox : RHP Francisco Quintanilla
Batting: LHB Ryan McCullough 0-0: Ball
1-0: Ball
2-0: Ball
3-0: Hit by Pitch
Batting: RHB Cedric Tracy 0-0: SINGLE (Groundball, 34D, EV 98.1 MPH)
Ryan McCullough to second
Runner from 2nd tries for 3rd, OUT! 9-5
Batting: LHB Bobby Brown 0-0: Ball
1-0: Called Strike
1-1: Ball
2-1: Ball
3-1: Foul Ball, location: 9LMF
3-2: Foul Ball, location: 3FF
3-2: Foul Ball, location: 2F
3-2: 2-RUN HOME RUN (Flyball, 8LXD, EV 111.9 MPH), Distance : 455 ft
Batting: RHB Carlos Jeronimo 0-0: SINGLE (Line Drive, 7LS, EV 90.6 MPH)
Batting: SHB Chris Clark 0-0: Foul Ball, location: 3FF
0-1: Fly out, F8 (Line Drive, 8RM, EV 97.5 MPH)
Batting: RHB Robby Junker 0-0: Ball
Carlos Jeronimo steals 2nd base
1-0: Foul Ball, location: 5FF
1-1: Fly out, F9 (Flyball, 9S, EV 87.5 MPH)
Bottom of the 5th over - 2 runs, 3 hits, 0 errors, 1 left on base; Boston 4 - New York 2
TOP OF THE 6TH
Boston Red Sox batting - Pitching for New York Yankees : RHP Matt Zmuda
Batting: RHB Joe Fowler 0-0: Ball
1-0: Ball
2-0: Called Strike
2-1: Fly out, F7 (Flyball, 7S, EV 94.4 MPH)
Batting: LHB Sergio Mejia 0-0: Ball
1-0: Swinging Strike
1-1: Ball
2-1: Ball
3-1: Base on Balls
Batting: LHB Chris Kautz 0-0: Foul Ball, location: 5F
0-1: Called Strike
0-2: Foul Ball, location: 7LMF
0-2: Foul Ball, location: 7LMF
0-2: Strikes out looking
Batting: RHB Nate Campbell 0-0: Fly out, F9 (Line Drive, 9, EV 86.9 MPH)
Top of the 6th over - 0 runs, 0 hits, 0 errors, 1 left on base; Boston 4 - New York 2
BOTTOM OF THE 6TH
New York Yankees batting - Pitching for Boston Red Sox : RHP Francisco Quintanilla
Batting: LHB John Blair 0-0: Ball
1-0: Ball
2-0: Ball
3-0: Base on Balls
Batting: SHB Seth Hardenbrook 0-0: Called Strike
0-1: Ball
1-1: Called Strike
1-2: Foul Ball, location: 3F
1-2: 2-RUN HOME RUN (Flyball, 78XD, EV 106.3 MPH), Distance : 412 ft
Batting: RHB Brandon Thomas 0-0: Ball
1-0: Foul Ball, location: 9LDF
1-1: Foul Ball, location: 2F
1-2: Strikes out looking
Batting: LHB Ryan McCullough 0-0: Ball
1-0: Ball
2-0: Foul Ball, location: 25FF
2-1: Called Strike
2-2: Foul Ball, location: 23F
2-2: Ground out 5-3 (Groundball, 56, EV 105.6 MPH)
Batting: RHB Cedric Tracy 0-0: TRIPLE (Line Drive, 8LXD, EV 111.9 MPH)
Batting: LHB Bobby Brown 0-0: Called Strike
0-1: Swinging Strike
0-2: Strikes out swinging
Bottom of the 6th over - 2 runs, 2 hits, 0 errors, 1 left on base; Boston 4 - New York 4
TOP OF THE 7TH
Boston Red Sox batting - Pitching for New York Yankees : RHP Matt Zmuda
Batting: LHB Justin Scappaticci 0-0: Ball
1-0: Foul Ball, location: 5DF
1-1: Swinging Strike
1-2: Strikes out looking
Batting: RHB Pieter Janssen 0-0: Ball
1-0: Fly out, F8 (Line Drive, 8LD, EV 89.4 MPH)
Batting: RHB Zane Wilder 0-0: Ball
1-0: Ball
2-0: Fly out, F8 (Flyball, 8LXD, EV 104.4 MPH)
Top of the 7th over - 0 runs, 0 hits, 0 errors, 0 left on base; Boston 4 - New York 4
BOTTOM OF THE 7TH
New York Yankees batting - Pitching for Boston Red Sox : RHP Francisco Quintanilla
Batting: RHB Carlos Jeronimo 0-0: SINGLE (Line Drive, 6MD, EV 95.6 MPH)
Batting: SHB Chris Clark 0-0: Ball
1-0: Called Strike
1-1: Fly out, F7 (Flyball, 7LD, EV 76.3 MPH)
Batting: RHB Robby Junker 0-0: Called Strike
0-1: Foul Ball, location: 25FF
0-2: Strikes out swinging
Batting: LHB John Blair 0-0: Called Strike
0-1: Foul Ball, location: 2F
0-2: Foul Ball, location: 23FF
0-2: Ball
1-2: Foul Ball, location: 2F
1-2: Foul Ball, location: 23FF
1-2: Ball
Carlos Jeronimo is caught stealing 2nd base 2-6
Bottom of the 7th over - 0 runs, 1 hit, 0 errors, 0 left on base; Boston 4 - New York 4
TOP OF THE 8TH
Boston Red Sox batting - Pitching for New York Yankees : RHP Matt Zmuda
Batting: LHB Michael Lindstrom 0-0: Ball
1-0: Ball
2-0: Ground out 4-3 (Groundball, 34, EV 86.9 MPH)
Batting: SHB Alex Salazar 0-0: Foul Ball, location: 2F
0-1: Foul Ball, location: 7LDF
0-2: Strikes out looking
Batting: RHB Joe Fowler 0-0: Called Strike
0-1: Ball
1-1: SOLO HOME RUN (Flyball, 9LD, EV 92.5 MPH), Distance : 323 ft
Batting: LHB Sergio Mejia 0-0: Called Strike
0-1: Foul Ball, location: 2F
0-2: Ball
1-2: Ball
2-2: Ball
3-2: Foul Ball, location: 3FF
3-2: Strikes out looking
Top of the 8th over - 1 run, 1 hit, 0 errors, 0 left on base; Boston 5 - New York 4
BOTTOM OF THE 8TH
New York Yankees batting - Pitching for Boston Red Sox : RHP Francisco Quintanilla
Pitching: LHP William Stuck
Pinch Hitting: RHB Zach Sterling 0-0: Ball
1-0: Ball
2-0: Ball
3-0: Called Strike
3-1: Swinging Strike
3-2: Strikes out swinging
Batting: SHB Seth Hardenbrook 0-0: Ball
1-0: Foul Ball, location: 9LMF
1-1: Fly out, F8 (Flyball, 8RM, EV 93.8 MPH)
Batting: RHB Brandon Thomas 0-0: Called Strike
0-1: Swinging Strike
0-2: Foul Ball, location: 3F
0-2: Foul Ball, location: 7LSF
0-2: Ball
1-2: Ball
2-2: Ball
3-2: Fly out, F8 (Flyball, 8RD, EV 92.5 MPH)
Bottom of the 8th over - 0 runs, 0 hits, 0 errors, 0 left on base; Boston 5 - New York 4
TOP OF THE 9TH
Boston Red Sox batting - Pitching for New York Yankees : RHP Matt Zmuda
Now at 1B: Matt Foulds
Batting: LHB Chris Kautz 0-0: Called Strike
0-1: Swinging Strike
0-2: Strikes out swinging
Pinch Hitting: LHB Dan McCartney 0-0: Foul Ball, location: 2F
0-1: Ball
1-1: Called Strike
1-2: Fly out, F3 (Popup, 3SF, EV 65.0 MPH)
Batting: LHB Justin Scappaticci 0-0: Ball
1-0: Called Strike
1-1: Called Strike
1-2: Ball
2-2: Ball
3-2: Base on Balls
Pitching: RHP Terry Lichtenberg
Batting: RHB Pieter Janssen 0-0: Fielders Choice at 2nd, 6-4 (Groundball, 6, EV 83.1 MPH)
Top of the 9th over - 0 runs, 0 hits, 0 errors, 1 left on base; Boston 5 - New York 4
BOTTOM OF THE 9TH
New York Yankees batting - Pitching for Boston Red Sox : LHP William Stuck
Pitching: RHP Eric Rendleman
Now at 2B: Matt Alexander
Batting: LHB Ryan McCullough 0-0: Swinging Strike
0-1: DOUBLE (Line Drive, 78XD, EV 98.1 MPH)
Pinch Hitting: LHB Bill Hayden 0-0: Ball
1-0: Ball
2-0: Ball
3-0: Foul Ball, location: 7LSF
3-1: Swinging Strike
3-2: Strikes out swinging
Batting: LHB Bobby Brown 0-0: Ball
1-0: SINGLE (Flyball, 8RS, EV 95.6 MPH)
Ryan McCullough to third
Runner from 3rd tries for Home, SAFE, throw by CF to home
Bobby Brown to second
Pinch Hitting: SHB Ethan Gavin 0-0: Foul Ball, location: 2F
0-1: Swinging Strike
0-2: Ball
1-2: Ball
2-2: Strikes out swinging
Batting: SHB Chris Clark 0-0: Intentional Walk
Pinch Hitting: LHB Ricky Delgado 0-0: Foul Ball, location: 23F
0-1: Ball
1-1: Ball
2-1: Ball
3-1: Foul Ball, location: 3FF
3-2: Foul Ball, location: 2F
3-2: SINGLE (Line Drive, 6D, EV 105.0 MPH)
Bobby Brown to third
Chris Clark to second
Bobby Brown scores
Chris Clark to third
Bottom of the 9th over - 2 runs, 3 hits, 0 errors, 2 left on base; Boston 5 - New York 6
Tuesday, April 16th , 2024 - OOTP Baseball 24.11 Build 85